 Dungeon Crawl Stone Soup version 0.30.0 (webtiles) character file.

Game seed: 10825411395279253261

109 cheesebisquit the Chopper (level 4, 0/39 HPs)
             Began as a Hill Orc Monk on May 6, 2023.
             Slain by a black bear (2 damage)
             ... on level 2 of the Dungeon.
             The game lasted 00:05:51 (1698 turns).

cheesebisquit the Chopper (Hill Orc Monk)           Turns: 1698, Time: 00:05:52

Health: 0/39       AC:  6    Str: 17    XL:     4   Next: 89%
Magic:  4/4        EV: 11    Int: 10    God:
Gold:   138        SH:  0    Dex: 13    Spells: 3/3 levels left

rFire   . . .        n - +0 broad axe
rCold   . . .        d - orb {light}
rNeg    . . .        g - +1 ring mail "Husaem" {*Slow +Inv Regen+ Str+2}
rPois   .            (no helmet)
rElec   .            (no cloak)
rCorr   .            (no gloves)
SInv    .            (no boots)
Will    .....        (no amulet)
Stlth   +            k - ring of flight
HPRegen 1.06/turn    (no ring)
MPRegen 0.09/turn

%: slow self (1%)
@: flying, slowed, glowing, very slow
A: no striking features
a: Evoke Invisibility


You were on level 2 of the Dungeon.
You visited 1 branch of the dungeon, and saw 3 of its levels.

You collected 138 gold pieces.

Inventory:

Hand Weapons
 n - a +0 broad axe (weapon)
Missiles
 j - 3 poisoned darts (quivered)
 o - 6 curare-tipped darts
Armour
 b - a +0 robe
 d - an orb of light (worn)
 g - the +1 ring mail "Husaem" (worn) {*Slow +Inv Regen+ Str+2}
   (You found it on level 2 of the Dungeon)

   Str:       It affects your strength (+2).
   +Inv:      It lets you turn invisible.
   Regen:     It increases your rate of health regeneration.
   *Slow:     It may slow you when you take damage.
Jewellery
 k - a ring of flight (left hand)
Scrolls
 c - a scroll of vulnerability {unknown}
 e - a scroll of summoning {unknown}
 f - a scroll of fear {unknown}
 h - 2 scrolls of immolation {unknown}
 l - a scroll of noise {unknown}
 m - a scroll of identify {unknown}
 p - a scroll of enchant weapon {unknown}
Potions
 i - 2 potions of attraction {unknown}


   Skills:
 - Level 3.6 Fighting
 + Level 7.2 Axes
 - Level 2.4 Dodging


You had 3 spell levels left.
You didn't know any spells.
Your spell library contained the following spells:

 Spells                   Type           Power      Damage    Failure   Level
 Shock                    Conj/Air       0%         1d3       56%         1
 Ensorcelled Hibernation  Hex/Ice        0%         N/A       71%         2
 Vhi's Electric Charge    Tloc/Air       0%         N/A       91%         3
 Storm Form               Tmut/Air       0%         N/A       100%        7


Dungeon Overview and Level Annotations

Branches:
Dungeon (3/15)

Altars:


Message History

The black bear claws you.
Okay, then.
You barely miss the black bear.
An orc comes into view.
It is wielding a +0 trident and quivering boomerangs of dispersal.
The black bear barely misses you. The black bear claws you.
The black bear claws you but does no damage.
The black bear bites you! The black bear claws you.
The black bear claws you but does no damage.
The orc moves out of view.
The black bear bites you!
You feel yourself slow down.
The black bear claws you but does no damage. x2
You fly upwards.
There is a stone staircase leading down here.
You slash the black bear!
The black bear is heavily wounded.
The black bear bites you! The black bear claws you.
The black bear barely misses you.
You hit the black bear.
The black bear is heavily wounded.
The black bear bites you but does no damage.
The black bear claws you. The black bear closely misses you.
The black bear completely misses you. The black bear claws you.
The black bear claws you but does no damage.
You slash the black bear!
The black bear is almost dead.
The black bear goes berserk!
The black bear bites you. The black bear claws you. x2
* * * LOW HITPOINT WARNING * * *
You feel better. The black bear barely misses you. The black bear claws you.
The black bear barely misses you. x2; The black bear claws you. x2
* * * LOW HITPOINT WARNING * * *
You feel better. The black bear bites you!
* * * LOW HITPOINT WARNING * * *
The black bear misses you. The black bear claws you.
* * * LOW HITPOINT WARNING * * *
The black bear bites you.
* * * LOW HITPOINT WARNING * * *
The black bear claws you but does no damage.
The black bear claws you.
You die...

#....#####....####.#########.....
....### ####..###.# #.....
......##### ##.....### #.....
....#.....## ##......#######.....
....#####..# ##.###....##....##.
##### ##.#####.######.##.......
#........# #......>...
#######..h.######..##.....
#...##..)@.........##.....
##........................
#####............###.....
#........##..###.....
#........###.........
#........###.........
#####....................
####......##.##########.)...
#....##.####.#### ###...


You could see a black bear (berserk).

Vanquished Creatures
  4 adders (D:2)
  2 worms
  A dart slug (D:1)
  2 bats
  8 endoplasms
  2 giant cockroaches (D:1)
  6 goblins
  6 hobgoblins
  7 jackals (D:1)
  6 kobolds
  2 quokkas (D:1)
  7 ball pythons
  4 frilled lizards
  5 rats
62 creatures vanquished.

Notes
Turn   | Place    | Note
-------+----------+-------------------------------------------
     0 | D:1      | cheesebisquit the Hill Orc Monk began the quest for the
                  | Orb.
     0 | D:1      | Reached XP level 1. HP: 19/19 MP: 1/1
    34 | D:1      | Reached XP level 2. HP: 16/26 MP: 2/2
   102 | D:1      | Reached skill level 5 in Axes
   251 | D:1      | Reached XP level 3. HP: 26/31 MP: 3/3
   886 | D:1      | Reached skill level 6 in Axes
   892 | D:1      | Got Sif Muna's Vellum of Misty Hexing
   994 | D:2      | Reached XP level 4. HP: 29/39 MP: 4/4
  1250 | D:2      | Identified the +1 ring mail "Husaem" {*Slow +Inv Regen+
                  | Str+2}
  1515 | D:2      | Reached skill level 7 in Axes
  1681 | D:3      | Noticed a black bear
  1698 | D:2      | Slain by a black bear

Illustrated notes

Levels and vault maps discovered:
D:1:      wander_arrival_abandoned_jail, layout_loops_cross
D:2:      layout_rooms, minmay_tromino_v7
D:3:      layout_basic, mainiacjoe_overflow_surrounded_room,
          gup_sewer_entry_bowl, uniq_sigmund

Skill      XL: |  1  2  3  4 |
---------------+-------------+-----
Axes           | 5 6 7 |  7.2
Fighting       | |  3.6
Dodging        | |  2.4

Action                     |  1- 3 |  4- 6 || total
---------------------------+-------+-------++-------
  Melee: Hand axe          |    99 |    32 ||   131
         Broad axe         |       |    24 ||    24
  Throw: Dart              |       |    15 ||    15
    Use: Potion            |     3 |     2 ||     5
 Armour: Robe              |    25 |     5 ||    30
         Ring mail         |       |    20 ||    20
  Dodge: Dodged            |    65 |    30 ||    95
